 Dungeon Crawl Stone Soup version 0.25.1-1-g288607f5aa (webtiles) character file.

Game seed: 16050360136224465508

1708 Delamore the Fighter (level 9, -9/76 HPs)
             Began as a Formicid Fighter on July 28, 2020.
             Was an Initiate of Okawaru.
             Mangled by an orc warrior
             ... wielding a +0 long sword
              (11 damage)
             ... on level 6 of the Dungeon.
             The game lasted 00:06:35 (6804 turns).

Delamore the Fighter (Formicid Fighter)             Turns: 6804, Time: 00:06:36

Health: -9/76      AC:  3    Str: 24      XL:     9   Next: 23%
Magic:  0/8        EV:  9    Int:  8      God:    Okawaru [......]
Gold:   287        SH:  9    Dex:  9 (10) Spells: 8/8 levels left

rFire    . . .     SeeInvis +   a - +0 war axe
rCold    + . .     Gourm    .   c - +0 kite shield
rNeg     . . .     Faith    .   x - +0 robe of Cose {Slay+3} (curse)
rPois    .         Spirit   +   (helmet unavailable)
rElec    .         Reflect  .   (no cloak)
rCorr    .         Harm     .   D - +0 pair of gloves
MR       .....                  (no boots)
Stlth    +.........             s - amulet of guardian spirit
HPRegen  0.22/turn              (no ring)
MPRegen  0.11/turn              (no ring)

@: stab
A: permanent stasis, dig shafts and tunnels, four strong arms, antennae 3,
talons 1, cold resistance 1, low mp 1, evolution 1
a: Dig, Shaft Self, Renounce Religion


You were on level 6 of the Dungeon.
You worshipped Okawaru.
Okawaru was noncommittal.
You were not hungry.

You visited 2 branches of the dungeon, and saw 7 of its levels.

You collected 287 gold pieces.

Inventory:

Hand Weapons
 a - a +0 war axe (weapon)
Missiles
 u - 10 atropa-tipped darts (quivered)
 F - 8 boomerangs of dispersal
Armour
 b - a +0 scale mail
 c - a +0 kite shield (worn)
 o - a +0 chain mail
 x - the cursed +0 robe of Cose (worn) {Slay+3}
   (You found it on level 4 of the Dungeon)

   It affects your accuracy and damage with ranged weapons and melee attacks
   (+3).
   It has a curse placed upon it.
 A - the cursed +0 plate armour "Xuov" {+Fly}
   (You took it off an orc warrior on level 5 of the Dungeon)

   It lets you fly.
   It has a curse placed upon it.
 D - a +0 pair of gloves (worn)
Jewellery
 p - an uncursed amulet of guardian spirit
 s - an amulet of guardian spirit (around neck)
Wands
 G - a wand of enslavement (6)
Scrolls
 g - a scroll of noise {unknown}
 i - 10 scrolls of identify {unknown}
 l - 10 scrolls of remove curse {unknown}
 m - 3 scrolls of immolation {unknown}
 r - 2 scrolls of amnesia {unknown}
 t - a scroll of blinking {unknown}
 v - a scroll of enchant armour {unknown}
 w - a scroll of enchant weapon {unknown}
 y - a scroll of fog {unknown}
Potions
 d - a potion of might
 k - 3 potions of magic
 n - a potion of haste
 B - a potion of lignification {unknown}
Comestibles
 f - 5 rations
 E - 3 chunks of flesh


   Skills:
 + Level 9.0 Fighting
 + Level 8.5 Axes
 - Level 3.2 Armour
 - Level 3.6 Shields


You had 8 spell levels left.
You didn't know any spells.
Your spell library contained the following spells:

 Spells                   Type           Power        Failure   Level  Hunger
 Animate Skeleton         Necr           N/A          80%         1    ##.....
 Apportation              Tloc           #.....       80%         1    ##.....
 Corona                   Hex            #......      80%         1    ##.....
 Summon Small Mammal      Summ           #...         80%         1    ##.....


Dungeon Overview and Level Annotations

Branches:
Dungeon (6/15)             Temple (1/1) D:6

Altars:
Ashenzari
Cheibriados
Dithmenos
Elyvilon
Fedhas
Gozag
Hepliaklqana
Kikubaaqudgha
Makhleb
Nemelex Xobeh
Okawaru
Qazlal
Ru
Sif Muna
Trog
Uskayaw
Vehumet
Xom
Yredelemnul
Zin
The Shining One
Beogh

Annotations:
D:6 Eustachio


Innate Abilities, Weirdness & Mutations

You cannot be hasted, slowed, berserked, paralysed or teleported.
You can dig through walls and to a lower floor.
Your four strong arms can wield two-handed weapons with a shield.
You have a pair of large antennae on your head. (SInv)
You have sharp toenails.
Your flesh is cold resistant. (rC+)
Your magical capacity is low. (-10% MP)
You evolve.


Message History

You fly up into the air.
You block the bat's attack. The orc warrior misses you.
You block Eustachio's attack.
It was a potion of cancellation.
Your magical effects are unravelling.
You feel magically purged.
You float gracefully downwards.
You feel a little less clever now. The bat hits you but does no damage.
You block the orc warrior's attack. Eustachio hits you with a +0 rapier.
* * * LOW HITPOINT WARNING * * *
The bat hits you but does no damage.
It was a potion of stabbing.
You feel ready to backstab. The bat barely misses you.
You block the orc warrior's attack.
Eustachio gestures wildly while chanting.
Eustachio blinks!
It was a potion of berserk rage.
Your stasis prevents you from going berserk.
You block the river rat's attack.
The orc warrior hits you with a +0 long sword!
You die...

... ..#..#..#........
...##(#..#.....#.....
#.....##..#..##.....
##.......{.....#.....
##....#..#.###..##.#..
..##......##......#..
#####.....##.....#......
#.....r###...#.####..#.#
#br@oZ......###{{#..
#.######.....###{{.. #
##....# #.{{. #.>.##
#.... #...# ##.#.. #...#
#..... { ##### #.@.##
###... #.@5..


You could see an orc warrior, 2 river rats, a quokka zombie and a bat
(summoned).

Vanquished Creatures
  The ghost of TheAraber the Chiller, a novice GnIE of Okawaru (D:5)
  A sky beast (D:6)
  An orc warrior (D:5)
  3 ogres
  A centaur (D:6)
  A bullfrog (D:5)
  3 scorpions
  A crimson imp (D:6)
  A hound (D:6)
  3 orc priests (D:5)
  2 bullfrog skeletons
  A jelly (D:5)
  An iguana (D:6)
  4 orc wizards
  2 worker ants
  9 adders
  3 gnolls (D:5)
  A howler monkey skeleton (D:4)
  2 oozes (D:2)
  An adder skeleton (D:5)
  A worm (D:2)
  2 dart slugs
  8 leopard geckos
  22 orcs
  2 bats (D:1)
  4 giant cockroaches
  4 goblins
  4 hobgoblins
  16 jackals
  9 kobolds
  7 quokkas
  3 ball pythons
  4 frilled lizards
  2 jackal skeletons
  A leopard gecko zombie (D:5)
  9 rats
140 creatures vanquished.

Notes
Turn   | Place    | Note
-------+----------+-------------------------------------------
     0 | D:1      | Delamore the Formicid Fighter began the quest for the Orb.
     0 | D:1      | Reached XP level 1. HP: 18/18 MP: 1/1
   164 | D:1      | Reached XP level 2. HP: 24/24 MP: 2/2
   558 | D:2      | Reached XP level 3. HP: 27/29 MP: 3/3
   803 | D:2      | Reached XP level 4. HP: 34/35 MP: 4/4
   871 | D:2      | Reached skill level 4 in Fighting
   871 | D:2      | Reached XP level 5. HP: 34/42 MP: 5/5
  1538 | D:3      | Reached XP level 6. HP: 49/49 MP: 6/6
  2063 | D:3      | Reached skill level 5 in Axes
  2854 | D:4      | Reached skill level 5 in Fighting
  2875 | D:4      | Got a shimmering robe
  2886 | D:4      | Identified the cursed +0 robe of Cose {Slay+3} (You found
                  | it on level 4 of the Dungeon)
  3073 | D:4      | Noticed an ogre
  3078 | D:4      | Killed an ogre
  3316 | D:4      | Reached XP level 7. HP: 56/57 MP: 5/7
  3446 | D:4      | Reached skill level 6 in Fighting
  3588 | D:5      | Entered Level 5 of the Dungeon
  3864 | D:5      | Reached XP level 8. HP: 24/65 MP: 2/8
  3880 | D:5      | Found a sacrificial altar of Ru.
  4067 | D:5      | Found an ancient bone altar of Kikubaaqudgha.
  4087 | D:5      | Found an opulent altar of Gozag.
  4087 | D:5      | Found a shimmering blue altar of Sif Muna.
  4089 | D:5      | Found a white marble altar of Elyvilon.
  4138 | D:5      | Found a glowing silver altar of Zin.
  4176 | D:5      | Found a runed translucent gate.
  4177 | D:5      | Found a runed translucent gate.
  4177 | D:5      | Noticed TheAraber's ghost (novice GnIE)
  4178 | D:5      | Found a runed translucent gate.
  4181 | D:5      | Identified the cursed +2 rapier of the Insatiable Lies
                  | {vorpal, rC+++ MP+9 Str+2 Dex-5}
  4181 | D:5      | Identified the cursed +0 plate armour "Xuov" {+Fly}
  4184 | D:5      | Found a roughly hewn altar of Beogh.
  4547 | D:5      | Found a stormy altar of Qazlal.
  4547 | D:5      | Found a burning altar of Makhleb.
  4568 | D:5      | Reached skill level 7 in Fighting
  4855 | D:5      | Killed TheAraber's ghost
  4860 | D:5      | Reached skill level 8 in Fighting
  5292 | D:6      | Reached XP level 9. HP: 75/75 MP: 9/9
  5322 | D:6      | Found a basalt altar of Yredelemnul.
  5331 | D:6      | Found a staircase to the Ecumenical Temple.
  5350 | Temple   | Entered the Ecumenical Temple
  5758 | Temple   | Became a worshipper of Warmaster Okawaru
  5796 | D:6      | Found a basalt altar of Yredelemnul.
  5811 | D:5      | HP: 3/75 [bullfrog (4)]
  6669 | D:6      | Reached skill level 9 in Fighting
  6750 | D:6      | Noticed Eustachio
  6796 | D:6      | HP: 3/76 [orc warrior/+0 long sword (5)]
  6799 | D:6      | Gained mutation: You have sharp toenails. [potion of
                  | mutation]
  6799 | D:6      | Gained mutation: Your magical capacity is low. (-10% MP)
                  | [potion of mutation]
  6799 | D:6      | Gained mutation: You evolve. [potion of mutation]
  6799 | D:6      | Gained mutation: Your flesh is cold resistant. (rC+)
                  | [potion of mutation]
  6802 | D:6      | HP: 2/76 [Eustachio/+0 rapier (2)]
  6804 | D:6      | Mangled by an orc warrior

Illustrated notes

Levels and vault maps discovered:
D:1:      minmay_arrival_doors, layout_basic
D:2:      layout_basic, first_ration, hangedman_decor_lopped
D:3:      layout_basic
D:4:      layout_gridville, roderic_serpentine_path, serial_bayou_crossing
D:5:      layout_loops_cross, nicolae_overflow_hidden_temple,
          gammafunk_temple_overflow_elements, zin_academy,
          biasface_ghost_orc_armoury
D:6:      layout_cave_pools, yredelemnul_altar_generic,
          minmay_temple_entry_antechambers, basic_altar, minmay_curled_crystal,
          minmay_misc_feat_ornament, small_statue_intersection, sword_in_stone,
          uniq_blork_the_orc
Temple:   hc_temple_tempest_star

Skill      XL: |  1  2  3  4  5  6  7  8  9 |
---------------+----------------------------+-----
Axes           | 3 4 5 6 8 |  8.5
Fighting       | 4 5 6 8 9 |  9.0
Armour         | |  3.2
Shields        | |  3.6

Action                   |  1- 3 |  4- 6 |  7- 9 || total
-------------------------+-------+-------+-------++-------
Melee: War axe           |    93 |   172 |   182 ||   447
  Use: Potion            |       |       |     9 ||     9
  Eat: Chunk             |       |     5 |     7 ||    12
       Ration            |       |     1 |     1 ||     2
Armor: Scale mail        |    29 |       |       ||    29
       Chain mail        |    18 |    77 |       ||    95
       Robe              |       |     1 |    30 ||    31
Dodge: Dodged            |    26 |    38 |    65 ||   129
Block: Kite shield       |    61 |    80 |   102 ||   243
